Map: Bel'Shir Vestige LE (Void)

Players

MaNa

  • Race: Protoss Protoss
  • Spawn Location: 5:00

PtitDrogo - Winner!

  • Race: Protoss Protoss
  • Spawn Location: 11:00

Event: IEM XI Katowice - World Championship 2017

VOD

Have the link to the VOD?

Description

Time

  • Played on: Feb. 28, 2017, 12:33 p.m.
  • Length: 10:17

All games in this series

Show
View Real Time Build Order
Export as new Build Order

MaNa Protoss 

Build Orders:  

Get SALT Encoding   

  12  0:00  Probe (Chrono Boost)  
  13  0:11  Probe (Chrono Boost)  
  14  0:16  Pylon  
  14  0:22  Probe (Chrono Boost)  
  15  0:35  Probe (Chrono Boost), Gateway  
  16  0:41  Assimilator  
  16  0:45  Probe (Chrono Boost)  
  17  0:56  Probe (Chrono Boost)  
  18  0:57  Assimilator  
  18  1:02  Gateway  
  18  1:06  Probe (Chrono Boost)  
  19  1:17  Probe (Chrono Boost)  
  20  1:23  Cybernetics Core  
  20  1:27  Probe (Chrono Boost)  
  20  1:29  Pylon  
  21  1:38  Probe (Chrono Boost)  
  22  1:48  Probe (Chrono Boost)  
  23  1:58  Warp Gate  
  23  1:59  Stalker x2  
  23  2:01  Mothership Core (Chrono Boost)  
  29  2:08  Pylon  
  29  2:29  Stalker x2  
  33  2:43  Probe (Chrono Boost)  
  34  2:47  Robotics Facility  
  34  2:55  Probe (Chrono Boost)  
  35  3:15  Nexus  
  35  3:21  Pylon  
  35  3:33  Observer  
  35  3:37  Robotics Bay  
  35  3:40  Probe (Chrono Boost)  
  37  3:49  Warp Prism  
  37  3:53  Probe (Chrono Boost)  
  40  4:05  Probe (Chrono Boost)  
  41  4:12  Gateway  
  42  4:17  Probe (Chrono Boost)  
  42  4:19  Gravitic Drive  
  42  4:20  Disruptor  
  42  4:30  Probe x2 (Chrono Boost)  
  47  4:42  Probe x2 (Chrono Boost), Twilight Council  
  47  4:45  Assimilator  
  51  4:54  Probe x2 (Chrono Boost)  
  51  5:00  Assimilator  
  51  5:04  Probe x2 (Chrono Boost)  
  53  5:08  Disruptor  
  53  5:13  Pylon  
  56  5:15  Pylon, Probe x2 (Chrono Boost)  
  58  5:22  Blink  
  58  5:25  Probe x2 (Chrono Boost)  
  60  5:36  Probe x2 (Chrono Boost)  
  60  5:40  Stalker x2  
  66  5:44  Stalker  
  68  5:50  Gateway  
  68  6:00  Probe x2 (Chrono Boost)  
  68  6:01  Disruptor  
  73  6:11  Stalker x2  
  73  6:15  Pylon  
  77  6:28  Pylon  
  77  6:29  Pylon  
  77  6:32  Pylon  
  77  6:37  Disruptor  
  80  6:40  Nexus  
  80  6:52  Stalker x3  
  86  6:56  Stalker  
  86  6:59  Probe (Chrono Boost)  
  86  7:00  Probe (Chrono Boost)  
  90  7:12  Disruptor  
  81  7:26  Stalker x4  
  85  7:31  Pylon  
  85  7:32  Pylon  
  85  7:49  Stalker x4  
  90  8:03  Probe x2 (Chrono Boost)  
  90  8:05  Probe (Chrono Boost), Disruptor  
  90  8:12  Stalker x3  
  95  8:13  Stalker  
  95  8:18  Probe (Chrono Boost)  
  90  8:38  Stalker x3  
  90  8:39  Stalker  
  96  8:54  Disruptor  
  84  9:05  Stalker  
  84  9:06  Stalker x3  
  86  9:12  Robotics Facility  
  86  9:30  Disruptor  
  89  9:36  Pylon  
  89  9:37  Pylon  
  89  9:45  Pylon  
  89  9:48  Pylon  
  89  9:49  Pylon  
  89  9:56  Adept x3  
  89  9:57  Adept  
Show
View Real Time Build Order
Export as new Build Order

PtitDrogo Protoss - Winner!

Build Orders:  

Get SALT Encoding   

  12  0:00  Probe (Chrono Boost)  
  13  0:11  Probe (Chrono Boost)  
  14  0:19  Pylon  
  14  0:22  Probe (Chrono Boost)  
  15  0:37  Probe (Chrono Boost), Gateway  
  15  0:41  Assimilator  
  16  0:47  Probe (Chrono Boost)  
  17  0:58  Probe (Chrono Boost)  
  17  0:59  Assimilator  
  17  1:02  Gateway  
  18  1:08  Probe (Chrono Boost)  
  19  1:19  Probe (Chrono Boost)  
  19  1:24  Cybernetics Core  
  20  1:30  Probe (Chrono Boost)  
  20  1:31  Pylon  
  21  1:40  Probe (Chrono Boost)  
  21  1:45  Warp Gate  
  22  1:51  Probe (Chrono Boost)  
  23  1:59  Stalker  
  23  2:00  Stalker  
  29  2:11  Mothership Core (Chrono Boost)  
  29  2:15  Pylon  
  29  2:29  Stalker  
  31  2:33  Stalker  
  33  2:51  Nexus  
  33  3:07  Robotics Facility  
  33  3:15  Sentry  
  33  3:16  Probe (Chrono Boost)  
  36  3:20  Pylon  
  36  3:22  Sentry  
  39  3:28  Probe (Chrono Boost)  
  39  3:40  Probe (Chrono Boost)  
  40  3:50  Sentry  
  40  3:52  Probe (Chrono Boost)  
  43  3:56  Observer  
  43  4:02  Probe (Chrono Boost)  
  45  4:03  Probe (Chrono Boost)  
  46  4:13  Probe (Chrono Boost)  
  46  4:14  Probe (Chrono Boost)  
  46  4:15  Assimilator  
  48  4:17  Immortal  
  48  4:21  Phoenix  
  48  4:23  Probe (Chrono Boost)  
  53  4:24  Probe (Chrono Boost)  
  53  4:29  Pylon  
  54  4:33  Twilight Council  
  54  4:34  Probe (Chrono Boost)  
  54  4:35  Probe (Chrono Boost)  
  56  4:44  Probe (Chrono Boost)  
  57  4:46  Probe (Chrono Boost)  
  57  4:50  Assimilator  
  57  4:52  Forge  
  58  4:55  Probe (Chrono Boost)  
  58  4:56  Probe (Chrono Boost)  
  58  4:59  Immortal  
  64  5:01  Blink  
  64  5:03  Pylon  
  64  5:06  Probe (Chrono Boost)  
  64  5:07  Probe (Chrono Boost)  
  66  5:14  Protoss Ground Weapons Level 1  
  66  5:18  Pylon, Probe (Chrono Boost)  
  66  5:19  Probe (Chrono Boost)  
  68  5:30  Stalker, Probe x2 (Chrono Boost)  
  69  5:42  Probe x2 (Chrono Boost)  
  71  5:45  Immortal  
  75  5:54  Probe (Chrono Boost)  
  75  5:55  Probe (Chrono Boost)  
  75  6:06  Probe (Chrono Boost)  
  76  6:19  Warp Prism, Gateway  
  76  6:20  Gateway  
  76  6:21  Sentry  
  76  6:22  Sentry, Gateway  
  76  6:24  Gateway  
  82  6:37  Nexus, Pylon  
  82  6:38  Pylon  
  82  6:46  Stalker  
  84  6:47  Sentry  
  81  6:57  Probe x2 (Chrono Boost)  
  83  7:11  Protoss Ground Weapons Level 2  
  83  7:15  Warp Prism  
  83  7:16  Stalker x5  
  81  7:23  Stalker  
  81  7:24  Stalker x4  
  91  7:32  Probe (Chrono Boost)  
  92  7:40  Stalker  
  94  7:51  Probe (Chrono Boost)  
  95  8:07  Probe x2 (Chrono Boost)  
  95  8:09  Stalker x6  
  107  8:15  Probe (Chrono Boost)  
  107  8:17  Pylon  
  104  8:33  Stalker x5  
  106  8:43  Probe (Chrono Boost)  
  107  8:53  Stalker  
  105  8:58  Stalker x5  
  115  9:03  Immortal  
  121  9:11  Probe x2 (Chrono Boost)  
  121  9:12  Pylon  
  121  9:13  Pylon  
  121  9:26  Stalker x2  
  125  9:36  Stalker x4  
  123  9:59  Stalker x6  

Tags
 
Add a new tag
Caveats
  • Supply blocks, unpowered buildings, or Contaminate may cause inaccurate times.
  • Supply counts are checked every 10 seconds.